 Dungeon Crawl Stone Soup version 0.24-a0-434-gd57e52fea8 (webtiles) character file.

Game seed: 10998921735688959791

28 Jyms the Chopper (level 3, 0/33 HPs)
             Began as a Hill Orc Monk on June 16, 2019.
             Slain by Robin
             ... wielding a +0 mace
              (3 damage)
             ... on level 1 of the Dungeon.
             The game lasted 00:09:18 (929 turns).

Jyms the Chopper (Hill Orc Monk)                     Turns: 929, Time: 00:09:18

Health: 0/33       AC:  2    Str: 14    XL:     3   Next: 14%
Magic:  3/3        EV: 13    Int: 10    God:
Gold:   13         SH:  0    Dex: 13    Spells: 2/2 levels left

rFire    . . .     SeeInvis .   a - +0 hand axe
rCold    . . .     Gourm    .   (no shield)
rNeg     . . .     Faith    .   b - +0 robe
rPois    .         Spirit   .   (no helmet)
rElec    .         Reflect  .   (no cloak)
rCorr    .         Harm     .   (no gloves)
MR       .....                  (no boots)
Stlth    ++........             (no amulet)
HPRegen  0.11/turn              (no ring)
MPRegen  0.08/turn              (no ring)

@: no status effects
A: no striking features
a: no special abilities


You were on level 1 of the Dungeon.
You were not hungry.

You visited 1 branch of the dungeon, and saw 2 of its levels.

You collected 13 gold pieces.

Inventory:

Hand Weapons
 a - a +0 hand axe (weapon)
Armour
 b - a +0 robe (worn)
Scrolls
 d - a scroll of magic mapping {unknown}
 g - a scroll of identify {unknown}
Potions
 e - a potion of brilliance {unknown}
 f - 2 potions of might {unknown}
 i - a potion of curing {unknown}
 j - a potion of agility {unknown}
Comestibles
 c - 4 rations


   Skills:
 + Level 4.0 Fighting
 + Level 4.5 Axes
 + Level 0.9 Armour
 - Level 2.5 Dodging
 + Level 2.0 Stealth


You had 2 spell levels left.
You didn't know any spells.
Your spell library was empty.

Dungeon Overview and Level Annotations

Branches:
Dungeon (2/15)

Altars:
Ru

Annotations:
D:1 Robin


Message History

Robin is lightly wounded.
You hit the goblin. x2; The goblin closely misses you.
Robin barely misses you. The goblin hits you.
* * * LOW HITPOINT WARNING * * *
You hit Robin.
Robin is moderately wounded.
You hit the goblin.
You kill the goblin!
You completely miss the goblin. The goblin barely misses you.
Robin hits you with a +0 mace.
* * * LOW HITPOINT WARNING * * *
The goblin closely misses you.
You slash Robin!
Robin is severely wounded.
You closely miss the goblin. Robin barely misses you. The goblin hits you.
* * * LOW HITPOINT WARNING * * *
You barely miss Robin.
Robin is severely wounded.
You hit the goblin. Robin hits you with a +0 mace.
You die...

####...#.#.##.##..##.#.#.#
....##.#.##.#.#.#.##.#.#.#
###. #.#.###...#...#.....#
###.##.#.# ##.#.###....#.#
.........# #..## ##.....#
.......#.## ##.# #..####
.......#..## #.## ##..#
........g#.# ##.###...##
.......g#@# #....#...###
.......>g## #.####.#.##.
........## #.# #......
###.##..# #.# ###.##.
#.###.#######÷# #.##.
#.............# #.##.
#......#.####..# #.##.
.......##.# #..# #)##†
##....# #.####..# #.##.


You could see Robin and a goblin.

Vanquished Creatures
  A dart slug (D:1)
  A giant cockroach (D:1)
  7 goblins (D:1)
  6 hobgoblins
  A kobold (D:1)
  3 bats (D:1)
  2 frilled lizards (D:1)
  3 rats (D:1)
24 creatures vanquished.

Notes
Turn   | Place    | Note
-------+----------+-------------------------------------------
     0 | D:1      | Jyms the Hill Orc Monk began the quest for the Orb.
     0 | D:1      | Reached XP level 1. HP: 19/19 MP: 1/1
   244 | D:1      | Reached XP level 2. HP: 26/27 MP: 2/2
   487 | D:2      | Found a sacrificial altar of Ru.
   493 | D:2      | Noticed Robin
   691 | D:1      | Reached XP level 3. HP: 14/33 MP: 3/3
   929 | D:1      | Slain by Robin

Levels and vault maps discovered:
D:1:      dpeg_arrival_more_subterranean_lakeside_camping, layout_loops_ring
D:2:      layout_loops_ring, fedhas_altar_3, nicolae_ru_sacrificial_ziggurat,
          first_ration, uniq_crazy_yiuf_cottage, uniq_robin

Skill      XL: |  1  2 |
---------------+-------+-----
Fighting       | 4 |  4.0
Stealth        | 2 |  2.0
Axes           | |  4.5
Armour         | |  0.9
Dodging        | |  2.5

Action                   || total
-------------------------++-------
Melee: Hand axe          ||    75
 Stab: Sleeping          ||     3
Armor: Robe              ||     3
Dodge: Dodged            ||    60

Table legend:
 A = Non-vault XP
 B = Vault XP
 C = Vault XP percentage of total XP
 D = Non-vault monster count
 E = Vault monster count
 F = Vault count percentage of total count
                 A         B        C        D         E       F
            +---------+---------+-------+---------+---------+-------
      Total |      26 |      15 |  36.6 |      16 |       8 |  33.3
            +---------+---------+-------+---------+---------+-------
        D:1 |      24 |      13 |  35.1 |      15 |       7 |  31.8
        D:2 |       2 |       2 |  50.0 |       1 |       1 |  50.0
            +---------+---------+-------+---------+---------+-------
